 Dungeon Crawl Stone Soup version 0.27.1 (webtiles) character file.

Game seed: 14652515744818569646

41 BOMJPIETVODKU the Digger (level 3, -1/27 HPs)
             Began as a Draconian Earth Elementalist on Aug 26, 2021.
             Slain by an orc (2 damage)
             ... on level 2 of the Dungeon.
             The game lasted 00:03:07 (1257 turns).

BOMJPIETVODKU the Digger (DrEE)                     Turns: 1257, Time: 00:03:08

Health: -1/27      AC:  5    Str: 16    XL:     3   Next: 32%
Magic:  2/6        EV: 12    Int: 16    God:
Gold:   86         SH:  0    Dex: 11    Spells: 6/7 levels left

rFire    . . .     SeeInvis .   f - +0 falchion
rCold    . . .     Faith    .   (no shield)
rNeg     . . .     Spirit   .   (armour unavailable)
rPois    .         Reflect  .   (helmet restricted)
rElec    .         Harm     .   (no cloak)
rCorr    .         Rampage  .   (no gloves)
Will     .....                  (no boots)
Stlth    ++........             (no amulet)
HPRegen  0.09/turn              g - +6 ring of strength
MPRegen  0.10/turn              (no ring)

@: no status effects
A: AC +5, unfitting armour, cold-blooded
a: no special abilities


You were on level 2 of the Dungeon.
You visited 1 branch of the dungeon, and saw 2 of its levels.

You collected 86 gold pieces.

Inventory:

Hand Weapons
 e - a +0 whip
 f - a +0 falchion (weapon)
Missiles
 b - 61 stones
Jewellery
 a - a ring of see invisible
 g - a +6 ring of strength (left hand)
Scrolls
 c - 4 scrolls of identify
 d - a scroll of noise


   Skills:
 + Level 0.7 Fighting
 - Level 2.0 Dodging
 - Level 1.7 Stealth
 * Level 2.6 Spellcasting
 - Level 1.0 Transmutations
 + Level 3.6 Earth Magic


You had 6 spell levels left.
You knew the following spells:

 Your Spells              Type           Power      Damage    Failure   Level
a - Sandblast             Erth           26%        2d8       4%          1

Your spell library contained the following spells:

 Spells                   Type           Power      Damage    Failure   Level
 Passwall                 Tmut/Erth      7%         N/A       11%         2
 Stone Arrow              Conj/Erth      16%        3d8       26%         3
 Petrify                  Tmut/Erth      9%         N/A       58%         4


Dungeon Overview and Level Annotations

Branches:
Dungeon (2/15)

Altars:
Beogh


Innate Abilities, Weirdness & Mutations

Your plain brown scales are hard. (AC +5)
You cannot fit into any form of body armour.
You are cold-blooded and may be slowed by cold attacks.


Message History

The orc closely misses you.
Aiming: Sandblast (safe; 4% risk of failure)
Press: ? - help, Q - select action, (/) - cycle Shift-Dir - straight line, f - orc
Aim: an orc, wielding a +0 trident (heavily wounded, 79% to hit)
The blast of sand misses the orc.
The orc hits you from afar with a +0 trident.
Unknown command.
You don't have enough magic to cast this spell.
You don't have enough magic to cast this spell.
Unknown command.
You see here a +0 flail.
You closely miss the orc. You tail-slap the orc.
The orc is moderately wounded.
The orc hits you with a +0 trident.
* * * LOW HITPOINT WARNING * * *
The orc hits you but does no damage.
The orc hits you from afar with a +0 trident.
* * * LOW HITPOINT WARNING * * *
You aren't carrying any potions.
Your magical contamination has completely faded away.
Unknown command.
Found a roughly hewn altar of Beogh.
You see here a +0 battleaxe.
You open the door. The orc hits you but does no damage.
Found a large rock.
Found a faded altar of an unknown god.
There is an open door here.
There is a faded altar of an unknown god here.
You see here a large rock.
Aiming: Sandblast (safe; 4% risk of failure)
Press: ? - help, Q - select action, (/) - cycle Shift-Dir - straight line, f - orc, p - orc
Aim: an orc, wielding a +0 club and wearing a +0 leather armour (moderately wounded, 79% to hit)
The blast of sand misses the orc.
The blast of sand hits the orc!
You kill the orc!
The orc hits you with a +0 club.
* * * LOW HITPOINT WARNING * * *
You hit the orc.
The orc is heavily wounded.
The orc hits you but does no damage.
The orc hits you from afar with a +0 trident.
You die...

#...........###..#.##
#....#≈#)...# #.#..#
+....≈_≈....+ ####.#
#....#≈#....# #.#.##
#...........# #.##
##.........## #.#
##...)o..## #.#
####o##### #.#
#@###.#####.#
###.........#
#.#.#####.#
#.#.......#
#.######..# #.# #..#
#.# #..#
#.######..######
#...............


You could see 2 orcs.

Vanquished Creatures
  An adder (D:2)
  A dart slug (D:1)
  2 orcs (D:2)
  2 endoplasms (D:2)
  2 giant cockroaches (D:1)
  A goblin (D:2)
  4 hobgoblins
  2 quokkas
  3 ball pythons (D:1)
  3 frilled lizards
  2 kobolds (D:1)
  4 rats
27 creatures vanquished.

Notes
Turn   | Place    | Note
-------+----------+-------------------------------------------
     0 | D:1      | BOMJPIETVODKU the Draconian Earth Elementalist began the
                  | quest for the Orb.
     0 | D:1      | Reached XP level 1. HP: 14/14 MP: 3/3
   269 | D:1      | Reached XP level 2. HP: 13/20 MP: 0/5
  1230 | D:2      | Reached XP level 3. HP: 13/27 MP: 3/6
  1253 | D:2      | Found a faded altar of an unknown god.
  1256 | D:2      | HP: 1/27 [orc (3)]
  1257 | D:2      | Slain by an orc

Illustrated notes

Levels and vault maps discovered:
D:1:      scummos_arrival_forest, layout_basic, minmay_tree_intersection,
          kennysheep_boxes
D:2:      layout_loops_ring, basic_altar,
          hellmonk_ecumenical_altar_defaced_shrine, serial_shops, shop, shop

Skill      XL: |  1 |
---------------+----+-----
Dodging        | 2 |  2.0
Fighting       | |  0.7
Stealth        | |  1.7
Spellcasting   | |  2.6
Transmutations | |  1.0
Earth Magic    | |  3.6

Action                   || total
-------------------------++-------
Melee: Unarmed           ||    23
       Tailslap          ||     7
       Whip              ||    37
       Falchion          ||    12
 Cast: Sandblast         ||    17
  Use: Scroll            ||     2
 Stab: Sleeping          ||     2
Armor: Skin              ||    23
Dodge: Dodged            ||    60
       Rpst.: Falchion   ||     4
